 Dungeon Crawl Stone Soup version 0.31-a0-236-g9a0961fb85 (webtiles) character file.

Game seed: 3792896419922175508

49 qw the Shooter (level 3, 0/21 HPs)
             Began as a Gargoyle Hexslinger on July 9, 2023.
             Slain by a goblin
             ... wielding a +0 dagger
             ... led by Robin
              (1 damage)
             ... on level 2 of the Dungeon.
             The game lasted 00:00:26 (990 turns).

qw the Shooter (Gargoyle Hexslinger)                 Turns: 990, Time: 00:00:27

Health: 0/21       AC:  6    Str: 11    XL:     3   Next: 77%
Magic:  4/4        EV: 11    Int: 13    God:
Gold:   54         SH:  0    Dex: 14    Spells: 3/4 levels left

rFire   . . .        Y - +1 sling
rCold   . . .        (no shield)
rNeg    + . .        e - +0 leather armour
rPois   inf          (no helmet)
rElec   +            (no cloak)
rCorr   .            (no gloves)
SInv    .            (no boots)
Will    .....        (no amulet)
Stlth   +            (no ring)
HPRegen 0.23/turn    (no ring)
MPRegen 0.09/turn

%: no passive effects
@: no status effects
A: sickness immunity, AC +3, negative energy resistance 1, electricity
resistance, torment resistance 1, petrification resistance
a: no special abilities


You were on level 2 of the Dungeon.
You visited 1 branch of the dungeon, and saw 2 of its levels.

You collected 54 gold pieces.


Innate Abilities, Weirdness & Mutations

You are immune to sickness and miasma.
Your stone body is resilient. (AC +3)
You are immune to poison.
You resist negative energy. (rN+)
You are resistant to electric shocks. (rElec)
You are resistant to unholy torment.
You are immune to petrification.


   Skills:
 - Level 2.0 Fighting
 + Level 3.6 Ranged Weapons
 - Level 1.5 Dodging
 - Level 1.0 Spellcasting
 - Level 2.6 Hexes


You had 3 spell levels left.
You knew the following spells:

 Your Spells              Type           Power      Damage    Failure   Level
a - Slow                  Hex            28%        N/A       12%         1

Your spell library contained the following spells:

 Spells                   Type           Power      Damage    Failure   Level
 Inner Flame              Hex/Fire       4%         N/A       54%         3
 Portal Projectile        Hex/Tloc       8%         N/A       54%         3
 Cause Fear               Hex            3%         N/A       77%         4

Inventory:

Hand Weapons
 Y - a +1 sling (weapon)
Armour
 e - a +0 leather armour (worn)
Scrolls
 a - a scroll of fog {unknown}
 b - a scroll of immolation {unknown}
Potions
 f - a potion of attraction {unknown}
 g - a potion of might {unknown}

Dungeon Overview and Level Annotations

Branches:
Dungeon (2/15)

Altars:

Annotations:
D:1 2 transporters
D:2 Robin


Message History

The goblin closely misses you.
You shoot a sling bullet. The sling bullet hits the goblin.
You kill the goblin!
A goblin comes into view. It is wielding a +0 club.
The goblin completely misses you. The goblin hits you with a +0 club.
The goblin hits you with a +0 dagger.
A hobgoblin comes into view.
Robin throws the goblin at you!
The goblin unwields a +0 sling.
The goblin wields a +0 dagger.
The goblin hits you but does no damage.
You shoot a sling bullet.
The sling bullet barely misses the goblin.
The hobgoblin shouts!
The goblin closely misses you. The goblin hits you but does no damage.
The goblin closely misses you. The goblin hits you with a +0 dagger.
You shoot a sling bullet. The sling bullet hits the goblin.
You kill the goblin!
The goblin hits you but does no damage. x2
The goblin hits you with a +0 dagger.
You shoot a sling bullet. The sling bullet hits Robin.
Robin is moderately wounded.
The goblin unwields a +0 club.
The goblin wields a +0 sling.
The goblin shoots a sling bullet.
The sling bullet barely misses you. The goblin completely misses you.
The goblin hits you but does no damage. Robin hits you but does no damage.
The goblin barely misses you. The goblin completely misses you.
The goblin barely misses you. The hobgoblin barely misses you.
Robin hits you but does no damage.
You shoot a sling bullet. The sling bullet hits Robin.
Robin is heavily wounded.
The goblin no longer looks unusually strong. x2
The goblin hits you but does no damage. The goblin closely misses you.
The goblin hits you with a +0 dagger. Robin throws the goblin at you!
The goblin closely misses you. The hobgoblin barely misses you.
The goblin shoots a sling bullet.
The sling bullet misses you.
The sling bullet misses the goblin.
You shoot a sling bullet. The sling bullet hits Robin.
Robin is heavily wounded.
The goblin hits you with a +0 dagger. The goblin closely misses you. x2
The hobgoblin closely misses you. The goblin hits you with a +3 dagger.
The goblin hits you with a +0 dagger.
You die...

.................#
................##
###.............###
##....#...###...#
###.........##.###
#.......#.##....
##..........####
#....gg)....#
#....g@g....#
#....ggg.......
.....?...)......#
##.....g........#
#.........).....
...............##
...............#
##..........##.


You could see Robin, 2 hobgoblins and 5 goblins.

Vanquished Creatures
  3 dart slugs
  4 bats
  2 endoplasms
  2 giant cockroaches (D:1)
  7 goblins
  3 hobgoblins
  4 jackals (D:2)
  A quokka (D:1)
  5 frilled lizards
  5 kobolds
  3 rats (D:1)
39 creatures vanquished.

Notes
Turn   | Place    | Note
-------+----------+-------------------------------------------
     0 | D:1      | qw the Gargoyle Hexslinger began the quest for the Orb.
     0 | D:1      | Reached XP level 1. HP: 12/12 MP: 2/2
     0 | D:1      | 0 ||| qw: Version: 0.3-a-51-g015441d
     0 | D:1      | 0 ||| qw: Game counter: 4436
     0 | D:1      | 0 ||| qw: Melee chars always use a shield: true
     0 | D:1      | 0 ||| qw: God list: Okawaru
     0 | D:1      | 0 ||| qw: Allow faded altars: false
     0 | D:1      | 0 ||| qw: Do Orc after clearing Dungeon:15 true
     0 | D:1      | 0 ||| qw: Do second Lair branch before Depths: true
     0 | D:1      | 0 ||| qw: Lair rune preference: random
     0 | D:1      | 0 ||| qw: Goals: Normal
     0 | D:1      | 0 ||| PLANNING D:1-11
   209 | D:1      | Reached XP level 2. HP: 16/16 MP: 3/3
   317 | D:1      | Reached skill level 3 in Ranged Weapons
   617 | D:1      | Reached XP level 3. HP: 14/21 MP: 4/4
   763 | D:1      | 763 ||| UPGRADING to +0 leather armour.
   773 | D:1      | 773 ||| DROPPING +0 robe.
   774 | D:1      | 774 ||| DROPPING +6 ring of intelligence.
   775 | D:1      | 775 ||| READING scroll labelled RUNAED PIGA.
   776 | D:1      | 776 ||| DROPPING scroll of poison.
   815 | D:2      | 815 ||| FLEEEEING.
   977 | D:2      | Noticed Robin
   989 | D:2      | HP: 5/21 [goblin/+0 dagger[Robin] (3)]
   990 | D:2      | HP: 2/21 [goblin/+0 dagger[Robin] (3)]
   990 | D:2      | Slain by a goblin

Levels and vault maps discovered:
D:1:      spicycebolla_arrival_transporter_tutorial, layout_loops_ring,
          chequers_serial_rivers_micro_e
D:2:      layout_rooms, shapermc_ecumenical_altar_starsandcircs, uniq_robin

Skill      XL: |  1  2 |
---------------+-------+-----
Ranged Weapons | 3 |  3.6
Fighting       | 2 |  2.0
Dodging        | |  1.5
Spellcasting   | |  1.0
Hexes          | |  2.6

Action                     || total
---------------------------++-------
   Fire: Sling             ||   120
    Use: Scroll            ||     1
 Armour: Robe              ||    11
         Leather armour    ||    28
  Dodge: Dodged            ||    60

Table legend:
 A = Non-vault XP
 B = Vault XP
 C = Vault XP percentage of total XP
 D = Non-vault monster count
 E = Vault monster count
 F = Vault count percentage of total count
                 A         B        C        D         E       F
            +---------+---------+-------+---------+---------+-------
      Total |      63 |       8 |  11.3 |      35 |       4 |  10.3
            +---------+---------+-------+---------+---------+-------
        D:1 |      35 |       0 |   0.0 |      21 |       0 |   0.0
        D:2 |      28 |       8 |  22.2 |      14 |       4 |  22.2
            +---------+---------+-------+---------+---------+-------
